Map: Snowbound Colony

Players

Raynar - Winner!

  • Race: Protoss Protoss
  • Spawn Location: 7:00

SlushyStar - Winner!

  • Race: Terran Terran
  • Spawn Location: 7:00

Throwfordays - Winner!

  • Race: Zerg Zerg
  • League: Silver
  • Spawn Location: 6:00

VOD

Have the link to the VOD?

Description

Time

  • Played on: April 26, 2019, 2:01 p.m.
  • Length: 13:07
Show
View Real Time Build Order
Export as new Build Order

Raynar Protoss - Winner!

Build Orders:  

Get SALT Encoding   

  1  0:00  Probe (Chrono Boost)  
  12  0:09  Probe (Chrono Boost)  
  14  0:25  Pylon  
  14  0:34  Probe (Chrono Boost)  
  15  0:53  Probe (Chrono Boost)  
  15  0:54  Gateway  
  16  1:14  Probe (Chrono Boost)  
  18  1:30  Probe (Chrono Boost)  
  18  1:47  Nexus  
  18  1:55  Pylon  
  18  2:08  Cybernetics Core  
  18  2:18  Pylon  
  18  2:23  Probe (Chrono Boost)  
  19  2:34  Probe (Chrono Boost)  
  19  2:37  Zealot  
  22  2:47  Probe (Chrono Boost)  
  23  3:03  Assimilator  
  23  3:04  Probe (Chrono Boost)  
  24  3:15  Probe (Chrono Boost)  
  25  3:29  Probe (Chrono Boost)  
  26  3:46  Zealot, Probe (Chrono Boost)  
  29  3:54  Probe (Chrono Boost)  
  30  4:05  Probe (Chrono Boost)  
  31  4:19  Forge, Probe (Chrono Boost)  
  31  4:24  Zealot  
  31  4:27  Pylon  
  34  4:36  Probe (Chrono Boost)  
  35  4:42  Assimilator  
  35  4:43  Probe (Chrono Boost)  
  36  4:53  Pylon, Probe (Chrono Boost)  
  36  4:56  Gateway  
  38  5:00  Probe (Chrono Boost)  
  38  5:03  Stalker  
  38  5:09  Warp Gate  
  41  5:10  Probe (Chrono Boost)  
  41  5:17  Probe (Chrono Boost)  
  41  5:18  Protoss Ground Weapons Level 1  
  43  5:30  Probe (Chrono Boost)  
  43  5:45  Probe (Chrono Boost)  
  44  5:57  Probe (Chrono Boost)  
  44  5:59  Pylon  
  44  6:04  Shield Battery  
  44  6:05  Photon Cannon  
  44  6:08  Probe (Chrono Boost)  
  44  6:09  Photon Cannon  
  46  6:24  Probe (Chrono Boost)  
  46  6:28  Photon Cannon  
  47  6:38  Pylon  
  47  6:39  Probe (Chrono Boost)  
  48  6:50  Probe (Chrono Boost)  
  48  6:57  Zealot x2  
  53  7:02  Probe (Chrono Boost)  
  53  7:09  Gateway x2  
  54  7:11  Twilight Council  
  54  7:17  Pylon  
  54  7:18  Probe (Chrono Boost)  
  55  7:22  Pylon  
  55  7:26  Gateway  
  55  7:35  Probe (Chrono Boost)  
  56  7:51  Probe (Chrono Boost)  
  56  7:56  Assimilator  
  57  8:02  Assimilator, Probe (Chrono Boost)  
  57  8:04  Protoss Ground Weapons Level 2  
  58  8:15  Probe (Chrono Boost)  
  59  8:32  Probe (Chrono Boost)  
  60  8:40  Photon Cannon  
  60  8:43  Photon Cannon  
  60  8:47  Shield Battery  
  60  8:49  Probe (Chrono Boost)  
  61  8:53  Sentry x2  
  61  8:55  Zealot x3  
  71  9:06  Probe (Chrono Boost)  
  72  9:13  Robotics Facility x2  
  72  9:15  Charge  
  72  9:23  Gateway, Probe (Chrono Boost)  
  72  9:25  Pylon x2  
  73  9:40  Stalker x2  
  73  9:41  Stalker x2  
  73  9:43  Zealot  
  84  10:01  Probe (Chrono Boost)  
  84  10:15  Sentry  
  84  10:16  Sentry  
  84  10:18  Probe (Chrono Boost)  
  89  10:21  Adept  
  89  10:22  Adept  
  89  10:23  Warp Prism  
  93  10:35  Probe (Chrono Boost)  
  93  10:37  Immortal  
  100  11:09  Immortal  
  104  12:05  Blink  
  104  12:09  Zealot  
  106  12:10  Zealot x4  
  106  12:11  Zealot  
  116  12:36  Stalker  
  118  12:53  Pylon  
  118  12:55  Pylon  
  118  12:57  Pylon  
  118  13:00  Pylon  
Show
View Real Time Build Order
Export as new Build Order

SlushyStar Terran - Winner!

Build Orders:  

Get SALT Encoding   

  12  0:27  SCV  
  13  0:48  Supply Depot  
  13  1:04  Refinery  
  13  1:09  SCV  
  14  1:27  Barracks  
  14  1:34  SCV  
  15  1:53  Supply Depot  
  15  1:59  SCV  
  16  2:14  Refinery  
  16  2:15  SCV  
  17  2:32  SCV  
  18  2:52  Factory  
  18  2:56  Marine  
  19  3:12  SCV  
  19  3:13  Engineering Bay  
  20  3:21  Marine  
  20  3:29  SCV  
  22  3:47  Orbital Command  
  22  3:54  Barracks Reactor  
  22  3:57  Factory Tech Lab  
  22  4:02  Terran Infantry Weapons Level 1  
  22  4:21  Starport  
  22  4:36  SCV  
  23  4:50  Marine  
  23  4:51  Marine  
  23  4:53  SCV  
  26  5:10  SCV  
  26  5:15  Marine  
  28  5:25  Fusion Core  
  28  5:27  SCV  
  29  5:44  SCV  
  30  6:05  Command Center  
  30  6:22  Siege Tank  
  33  6:38  Starport Tech Lab  
  33  7:09  Supply Depot  
  33  7:24  Marine  
  33  7:25  Marine  
  35  7:32  Hellion  
  37  7:41  Supply Depot  
  37  7:49  Marine  
  38  7:50  Marine  
  39  8:12  Siege Tank  
  39  8:14  Marine  
  39  8:15  Marine  
  43  8:39  Marine x2  
  44  8:46  Banshee  
  48  8:57  Cyclone  
  51  9:02  SCV  
  51  9:04  Marine x2  
  54  9:19  SCV  
  55  9:26  Supply Depot  
  55  9:29  Marine x2  
  57  9:36  SCV  
  58  9:41  Hellion  
  58  9:46  Medivac  
  62  9:53  SCV  
  63  10:10  SCV  
  63  10:11  Hellion  
  63  10:15  Barracks  
  66  10:26  Refinery  
  66  10:27  SCV  
  64  10:44  SCV  
  65  11:19  Siege Tank x2  
  65  11:57  Siege Tank x2  
Show
View Real Time Build Order
Export as new Build Order

Throwfordays Zerg - Winner!

Build Orders:  

Get SALT Encoding   

  12  0:04  Drone  
  13  0:20  Overlord  
  4  0:30  Drone  
  14  0:46  Drone x2  
  16  0:54  Drone  
  17  1:18  Hatchery  
  16  1:37  Spawning Pool  
  15  1:42  Drone  
  15  1:49  Drone  
  17  1:52  Extractor  
  16  2:11  Evolution Chamber  
  16  2:13  Drone x3  
  16  2:19  Extractor  
  17  2:35  Drone  
  18  2:43  Queen  
  18  2:49  Overlord  
  20  2:59  Drone  
  21  3:04  Drone  
  22  3:15  Drone  
  23  3:23  Drone  
  23  3:28  Queen  
  26  3:39  Drone  
  27  3:46  Drone x2  
  29  3:52  Drone  
  25  4:00  Drone  
  30  4:04  Overlord  
  31  4:24  Drone x4  
  35  4:34  Queen  
  35  4:38  Zerg Missile Weapons Level 1  
  37  4:48  Drone  
  38  4:51  Drone  
  38  4:52  Drone  
  38  4:53  Drone  
  38  4:59  Metabolic Boost  
  41  5:01  Extractor  
  41  5:05  Drone x3  
  43  5:14  Drone  
  44  5:20  Overlord x2  
  44  5:29  Overlord  
  44  5:45  Queen, Overlord  
  44  5:46  Overlord  
  44  5:49  Overlord  
  46  6:01  Evolution Chamber  
  46  6:05  Baneling Nest  
  46  6:09  Roach Warren  
  43  6:14  Drone  
  43  6:15  Drone x2  
  43  6:19  Extractor  
  45  6:20  Drone  
  45  6:24  Drone x2  
  45  6:28  Drone  
  49  6:57  Lair  
  49  7:11  Drone  
  49  7:12  Drone x2  
  49  7:19  Zerg Ground Armor Level 1  
  52  7:28  Zergling x2  
  52  7:29  Zergling x8  
  57  7:41  Zergling x2  
  58  8:08  Drone  
  59  8:23  Hatchery  
  59  8:25  Pneumatized Carapace  
  59  8:29  Zerg Missile Weapons Level 2  
  58  8:34  Centrifical Hooks  
  58  8:35  Glial Reconstitution  
  58  8:41  Roach x5  
  58  8:49  Overseer  
  68  8:51  Drone x2  
  68  8:52  Drone x2  
  68  8:55  Roach x2  
  76  9:05  Drone  
  77  9:24  Hatchery  
  77  9:25  Nydus Network  
  75  9:35  Infestation Pit  
  75  9:37  Hydralisk Den  
  73  10:01  Drone x3  
  73  10:02  Drone x2  
  73  10:08  Overlord x2  
  73  10:09  Overlord  
  78  10:16  Queen  
  78  10:19  Drone  
  81  10:20  Drone  
  79  11:30  Zergling x10  
  79  11:31  Zergling x2  
  79  11:37  Zergling x6  
  88  11:43  Zergling x6  
  88  11:44  Zergling x4  
  92  11:50  Zergling x2  
  92  11:51  Zergling x4  
  92  11:59  Queen  
  97  12:02  Zergling x2  
Tags
 
League
Silver
Matchup
Co-op
Replay Pack
Multiplayer
Add a new tag
Caveats
  • Supply blocks, unpowered buildings, or Contaminate may cause inaccurate times.
  • Supply counts are checked every 10 seconds.